 Dungeon Crawl Stone Soup version 0.26-a0-937-g67df3f2acb (webtiles) character file.

Game seed: 10358356505172235377

448118 KristoblXynda the Fencer (level 23, -1/202 HPs)
             Began as a Pale Draconian Gladiator on Nov 27, 2020.
             Was the Champion of Cheibriados.
             Slain by an ettin
             ... wielding a +0 great mace
              (30 damage)
             ... on level 5 of the Vaults.
             The game lasted 02:20:49 (57094 turns).

KristoblXynda the Fencer (DrGl)                    Turns: 57094, Time: 02:20:49

Health: -1/202     AC: 20    Str: 41    XL:     23   Next: 14%
Magic:  38/38      EV: 33    Int: 38    God:    Cheibriados [******]
Gold:   3195       SH: 18    Dex: 32    Spells: 22/45 levels left

rFire    + + .     SeeInvis +   p - +8 double sword of Nuvoevey {vorpal, rElec Int+2}
rCold    + + +     Faith    .   P - +0 kite shield
rNeg     + + .     Spirit   .   (armour unavailable)
rPois    .         Reflect  .   b - +1 hat
rElec    +         Harm     .   t - scarf {rC+ rF+}
rCorr    .         Rampage  .   s - +4 pair of gloves "Baarubb" {rF+ MR+ Dex+3}
MR       ++++.                  C - +2 pair of boots
Stlth    +++.......             L - amulet "Tithriel" {RegenMP *Drain rN++ Int+2 SInv}
HPRegen  0.43/turn              Q - ring of Autumn {rC+++ SInv}
MPRegen  0.51/turn              N - ring "Xaulun" {Wiz MR++ Str+9 Int+2 Stlth-}

@: very slow
A: breathe steam, unfitting armour, cold-blooded, AC +11
}: 2/15 runes: barnacled, gossamer
a: Breathe Steam, Bend Time, Temporal Distortion, Slouch, Step From Time,
Renounce Religion


You were on level 5 of the Vaults.
You worshipped Cheibriados.
Cheibriados was exalted by your worship.
You visited 8 branches of the dungeon, and saw 41 of its levels.
You visited 1 bazaar.
You also visited: Trove, Gauntlet and Ice Cave.

You collected 5476 gold pieces.
You spent 2281 gold pieces at shops.

Inventory:

Hand Weapons
 p - the +8 double sword of Nuvoevey (weapon) {vorpal, rElec Int+2}
   (You acquired it on level 1 of the Depths)

   It inflicts extra damage upon your enemies.
   It affects your intelligence (+2).
   It insulates you from electricity.
Missiles
 c - 18 throwing nets (quivered)
Armour
 b - a +1 hat (worn)
 s - the +4 pair of gloves "Baarubb" (worn) {rF+ MR+ Dex+3}
   (You found it on level 8 of the Dungeon)

   It affects your dexterity (+3).
   It protects you from fire.
   It affects your resistance to hostile enchantments.
 t - a scarf of resistance (worn)
 C - a +2 pair of boots (worn)
 P - a +0 kite shield (worn)
Magical Staves
 l - an uncursed staff of conjuration
Jewellery
 L - the amulet "Tithriel" (around neck) {RegenMP *Drain rN++ Int+2 SInv}
   (You found it in a treasure trove)

   [amulet of magic regeneration]

   It increases your magic regeneration.
   It affects your intelligence (+2).
   It greatly protects you from negative energy.
   It lets you see invisible.
   It causes draining when unequipped.
 N - the ring "Xaulun" (right hand) {Wiz MR++ Str+9 Int+2 Stlth-}
   (You acquired it on level 1 of the Depths)

   [ring of wizardry]

   It improves your spell success rate.
   It affects your strength (+9).
   It affects your intelligence (+2).
   It affects your resistance to hostile enchantments.
   It makes you less stealthy.
 Q - the ring of Autumn (left hand) {rC+++ SInv}
   (You found it in a treasure trove)

   [ring of see invisible]

   It renders you almost immune to cold.
   It lets you see invisible.
Wands
 a - a wand of disintegration (32)
 z - a wand of acid (41)
 B - a wand of digging (14)
 G - a wand of iceblast (25)
Scrolls
 d - 22 scrolls of remove curse
 e - 6 scrolls of magic mapping
 m - 5 scrolls of enchant armour
 n - 20 scrolls of teleportation
 r - a scroll of blinking
 y - 7 scrolls of amnesia
 F - a scroll of holy word
 J - 4 scrolls of summoning
 U - 5 scrolls of identify
 V - 4 scrolls of immolation
 X - 2 scrolls of fog
Potions
 f - 4 potions of mutation
 g - 10 potions of ambrosia
 h - 11 potions of flight
 j - 11 potions of lignification
 k - 2 potions of resistance
 o - 14 potions of curing
 q - 7 potions of brilliance
 u - 5 potions of heal wounds
 v - a potion of invisibility
 D - 2 potions of magic
 I - 3 potions of cancellation
 K - a potion of might
 T - 6 potions of attraction
Miscellaneous
 A - a phantom mirror
 E - a tin of tremorstones (2/2)
 R - a box of beasts
 S - a condenser vane


   Skills:
 - Level 16.0 Fighting
 + Level 18.4 Long Blades
 - Level 2.0 Throwing
 + Level 17.0 Dodging
 - Level 5.6 Stealth
 - Level 15.0 Shields
 + Level 11.6 Spellcasting
 - Level 7.0 Conjurations
 - Level 5.4 Hexes
 + Level 6.7 Necromancy
 + Level 15.8 Transmutations
 - Level 10.0 Earth Magic
 - Level 10.2 Invocations
 - Level 10.0 Evocations


You had 22 spell levels left.
You knew the following spells:

 Your Spells              Type           Power        Failure   Level
b - Statue Form           Tmut/Erth      #######..    1%          6
c - Petrify               Tmut/Erth      #######.     1%          4
d - Fireball              Conj/Fire      #####.....   4%          5
e - Necromutation         Tmut/Necr      #######...   38%         8

Your spell library contained the following spells:

 Spells                   Type           Power        Failure   Level
 Beastly Appendage        Tmut           ######       0%          1
 Passwall                 Tmut/Erth      #######.     0%          2
 Wereblood                Tmut           #######.     0%          2
 Animate Skeleton         Necr           ######       1%          1
 Apportation              Tloc           ###...       1%          1
 Corona                   Hex            ######.      1%          1
 Magic Dart               Conj           ####         1%          1
 Pain                     Necr           ####         1%          1
 Sandblast                Erth           ######       1%          1
 Shock                    Conj/Air       ####         1%          1
 Summon Small Mammal      Summ           ###.         1%          1
 Blink                    Tloc           N/A          1%          2
 Call Imp                 Summ           ###.....     1%          2
 Ensorcelled Hibernation  Hex/Ice        #####.       1%          2
 Searing Ray              Conj           ######       1%          2
 Slow                     Hex            ######..     1%          2
 Sublimation of Blood     Necr           ######....   1%          2
 Swiftness                Air            ###.....     1%          2
 Call Canine Familiar     Summ           ###.....     1%          3
 Confusing Touch          Hex            ######..     1%          3
 Dazzling Flash           Conj/Hex       ######       1%          3
 Gell's Gravitas          Tloc           ###.......   1%          3
 Ignite Poison            Fire/Tmut/Pois ######..     1%          3
 Inner Flame              Hex/Fire       #####...     1%          3
 Lesser Beckoning         Tloc           ###.......   1%          3
 Portal Projectile        Hex/Tloc       #####.       1%          3
 Spider Form              Tmut/Pois      ######....   1%          3
 Static Discharge         Conj/Air       #####...     1%          3
 Stone Arrow              Conj/Erth      ######       1%          3
 Summon Guardian Golem    Hex/Summ       #####...     1%          3
 Teleport Other           Tloc           ###.....     1%          3
 Tukima's Dance           Hex            ######..     1%          3
 Vampiric Draining        Necr           ######....   1%          3
 Animate Dead             Necr           ######....   1%          4
 Cause Fear               Hex            ######....   1%          4
 Fulminant Prism          Conj/Hex       ######....   1%          4
 Ice Form                 Ice/Tmut       ######..     1%          4
 Iskenderun's Mystic Bla  Conj/Tloc      #####...     1%          4
 Leda's Liquefaction      Hex/Erth       ######....   1%          4
 Agony                    Necr           ######..     1%          5
 Blade Hands              Tmut           #######...   1%          5
 Bolt of Magma            Conj/Fire/Erth ######....   1%          5
 Borgnjor's Vile Clutch   Necr/Erth      ######....   1%          5
 Irradiate                Conj/Tmut      #######...   1%          5
 Iskenderun's Battlesphe  Conj           ######..     1%          5
 Lee's Rapid Deconstruct  Erth           #######...   1%          5
 Hydra Form               Tmut           #######...   1%          6
 Dragon Form              Tmut           #######...   1%          7
 Iron Shot                Conj/Erth      ######....   3%          6
 Lightning Bolt           Conj/Air       #####.....   4%          5
 Silence                  Hex/Air        #####.....   6%          5
 Summon Mana Viper        Hex/Summ       #####...     6%          5
 Airstrike                Air            ###.......   7%          4
 Passage of Golubria      Tloc           N/A          7%          4
 Summon Ice Beast         Ice/Summ       ###.....     7%          4
 Summon Lightning Spire   Summ/Air       ###.....     7%          4
 Invisibility             Hex            ######..     12%         6
 Conjure Ball Lightning   Conj/Air       #####.....   24%         6
 Starburst                Conj/Fire      #####.....   24%         6
 Orb of Destruction       Conj           ######....   32%         7
 Shadow Creatures         Summ           N/A          67%         6
 Spellforged Servitor     Conj/Summ      #####.....   77%         7
 Haunt                    Necr/Summ      #####.....   78%         7
 Borgnjor's Revivificati  Necr           ######....   94%         8
 Infestation              Necr           ######....   94%         8
 Disjunction              Tloc           ###.......   100%        8
 Ignition                 Fire           ###.......   100%        8
 Death's Door             Necr           ######....   100%        9
 Shatter                  Erth           #######...   100%        9
 Tornado                  Air            ###.......   100%        9


Dungeon Overview and Level Annotations

Branches:
Dungeon (15/15)            Temple (0/1) D:5            Lair (6/6) D:9
 Shoals (4/4) Lair:2       Spider (4/4) Lair:2        Slime (0/5) Lair:5
    Orc (2/2) D:10            Elf (3/3) Orc:2        Vaults (5/5) D:14
  Crypt (0/3) Vaults:2     Depths (2/5) D:15          IceCv (visited)
Gauntlet (visited)

Altars:
Ashenzari
Cheibriados
Elyvilon
Gozag
Hepliaklqana
Kikubaaqudgha
Nemelex Xobeh
Okawaru
Ru
Sif Muna
Trog
Uskayaw
Vehumet
Yredelemnul
Beogh
Jiyva

Shops:
D:5 =:   D:10 !   D:12 [   Orc:2 [=(!   Vaults:4 [[[

Portals:
Hell: Depths:1
Ziggurat: Depths:2


Innate Abilities, Weirdness & Mutations

You can breathe blasts of scalding, opaque steam.
Your pale cyan-grey scales are hard. (AC +11)
You cannot fit into any form of body armour.
You are cold-blooded and may be slowed by cold attacks.


Message History

You block the yaktaur's attack.
You slice the yaktaur like a ripe choko!!!
You kill the yaktaur!
Cheibriados appreciates the change of pace.
You start resting.
You revert to your normal fleshy form.
The +4 pair of gloves "Baarubb" {rF+ MR+ Dex+3} unmelds from your body.
Your +2 pair of boots unmelds from your body.
You start resting.
An ettin comes into view.
It is wielding a +0 great mace and a +0 dire flail.
Things that are here:
a +0 arbalest; 79 gold pieces; a yaktaur corpse The ettin shouts in stereo!
You block the ettin's attack.
The ettin hits you with a +0 dire flail!!!
* * * LOW HITPOINT WARNING * * *
You slice the ettin!! You tail-slap the ettin.
The ettin is severely wounded.
The ettin hits you with a +0 great mace!!
You die...

#......##..#
#.C.....#..#
#W...?..#(.#
#.c.....#..#
.......##..#
#..# #..#
#))# #@.#
#C.# #..#
...# ...#
....# ....#
######


You could see an ettin.

Vanquished Creatures
  Mara (Shoals:4)
  A golden dragon (Depths:1)
  Arachne (Spider:3)
  Jorgrun (D:15)
  A tentacled monstrosity (Vaults:1)
  A lich (Vaults:5)
  The ghost of Seufodu the Eclecticist, an adept OpEE of Vehumet (Spider:4)
  5 deep elf master archers (Elf:3)
  3 deep elf blademasters (Elf:3)
  Polyphemus (Shoals:4)
  A tengu reaver (Vaults:4)
  Donald (Shoals:4)
  Roxanne (Elf:2)
  A shadow dragon (Vaults:5)
  A storm dragon (Depths:1)
  2 fire giants
  14 vault wardens
  2 iron dragons
  8 frost giants
  3 deep elf sorcerers
  An orc warlord (Orc:2)
  5 ghost moths
  2 deep elf elementalists (Elf:3)
  Louise (Elf:3)
  9 emperor scorpions
  15 ironheart preservers
  10 stone giants
  12 very ugly things
  6 entropy weavers
  A war gargoyle (Vaults:3)
  A vampire knight (Depths:1)
  7 deep elf annihilators (Elf:3)
  2 deep elf demonologists
  A minotaur (Gauntlet)
  A spark wasp (Depths:1)
  6 ettins
  4 fire dragons
  14 merfolk impalers
  A merfolk javelineer (Shoals:4)
  7 deep elf death magi
  4 great orbs of eyes
  15 yaktaur captains
  4 rakshasas
  5 ice dragons
  10 boulder beetles
  Fannar (D:10)
  3 deep elf high priests
  A spriggan air mage (Depths:2)
  29 vault guards
  2 death knights (Vaults:3)
  4 merfolk avatars
  Erica (D:8)
  14 hydras
  5 catoblepae
  8 centaur warriors
  3 merfolk aquamancers (Shoals:4)
  3 alligator snapping turtles
  16 death yaks
  21 two-headed ogres
  11 ogre magi
  4 satyrs
  30 dancing weapons
  A tengu warrior (Depths:1)
  4 deep troll earth magi
  4 orc high priests (Orc:2)
  A hell hog (Depths:1)
  A queen ant (Spider:2)
  2 spriggan berserkers
  21 deep elf knights
  6 skeletal warriors
  2 shadow wraiths
  The ghost of
  1994 the Insei, a novice DsGl of Cheibriados (D:7)
  2 flayed ghosts
  5 unseen horrors
  19 deep trolls
  4 glowing orange brains
  12 sea snakes
  A phantasmal warrior (Vaults:4)
  A swamp dragon (shapeshifter) (Vaults:4)
  8 wizards
  17 deep elf archers
  A necromancer (Elf:1)
  The ghost of Decritt the Thaumaturge, a novice DEFE of Sif Muna (D:7)
  A lindwurm (Lair:6)
  An unseen horror (shapeshifter) (Vaults:2)
  Pikel (D:5)
  21 ironbrand convokers
  5 large abominations (Elf:1)
  14 orc knights
  31 harpies
  15 orb spiders
  57 deep elf magi
  A golden dragon skeleton (Vaults:5)
  42 ugly things
  A tengu skeleton (Vaults:5)
  A faun (shapeshifter) (Depths:1)
  4 oklob plants (Lair:5)
  32 wolf spiders
  14 fauns
  18 manticores
  11 cyclopes
  A moth of wrath (shapeshifter) (Vaults:2)
  A sphinx skeleton (Vaults:5)
  6 elephants (Lair:6)
  8 orc sorcerers
  A moth of wrath (Spider:3)
  4 water nymphs
  A black mamba (shapeshifter) (Vaults:4)
  12 vault sentinels
  3 black mambas
  Maurice (D:8)
  2 ice statues (IceCv)
  A molten gargoyle (D:13)
  9 cane toads
  A cane toad (shapeshifter) (D:14)
  A gargoyle (D:11)
  8 merfolk sirens
  A torpor snail (Spider:2)
  8 komodo dragons
  The ghost of Ijustatesigmund the Chopper, a novice OpFi (D:4)
  2 efreet (D:14)
  A rime drake (shapeshifter) (Vaults:1)
  2 kobold demonologists (D:13)
  10 demonic crawlers
  3 freezing wraiths
  21 yaktaurs
  A tengu conjurer (Depths:2)
  52 merfolk
  24 jumping spiders
  A meliai (shapeshifter) (Vaults:4)
  4 meliai
  2 hornets
  A hornet (shapeshifter) (Vaults:5)
  8 trolls
  A queen bee (Lair:3)
  A polar bear (Lair:6)
  A meliai zombie (D:13)
  2 wind drakes
  26 slime creatures
  A wind drake (shapeshifter) (Vaults:3)
  A blink frog (shapeshifter) (Vaults:4)
  17 blink frogs
  15 dream sheep
  A frost giant simulacrum (Vaults:2)
  5 air elementals
  3 shadows
  A tarantella (shapeshifter) (Vaults:2)
  A wyvern (shapeshifter) (Vaults:1)
  10 snapping turtles
  61 redbacks
  6 wyverns
  9 water elementals
  33 tarantellas
  70 yaks
  A vampire (D:12)
  6 wraiths
  4 fire elementals
  A basilisk (shapeshifter) (Vaults:3)
  A hog (shapeshifter) (D:13)
  A vampire mosquito (D:13)
  3 basilisks
  20 water moccasins
  8 wargs
  16 soldier ants
  2 soldier ants (shapeshifter)
  Duvessa (D:5)
  5 acid dragons
  7 hell hounds (Depths:1)
  2 floating eyes (Depths:2)
  2 black bears
  56 orc warriors
  2 phantoms
  8 ice beasts
  A sky beast (D:15)
  A necrophage (D:8)
  An eye of draining (D:7)
  4 boggarts (Vaults:1)
  An ettin simulacrum (Vaults:1)
  42 ogres
  13 wolves
  16 centaurs
  A lemure (D:5)
  5 big kobolds
  2 elf zombies (Elf:1)
  15 bullfrogs
  A wyvern zombie (D:13)
  3 earth elementals
  Dowan (D:5)
  A glowing shapeshifter simulacrum (Vaults:2)
  5 scorpions
  29 killer bees
  15 wights
  4 howler monkeys
  3 electric eels
  2 lava snakes (D:13)
  A quasit (D:9)
  A bullfrog zombie (D:9)
  9 centaur zombies
  6 hounds
  4 bullfrog skeletons
  2 human simulacra
  2 jellies
  32 orc priests
  5 centaur skeletons
  6 iguanas
  18 orc wizards
  31 worker ants
  2 killer bee zombies
  A hound zombie (D:3)
  3 hound skeletons
  A worker ant zombie (D:11)
  2 howler monkey skeletons (D:3)
  18 adders
  4 gnolls
  2 shadow imps
  4 white imps
  An ufetubus (D:5)
  2 oozes
  An adder zombie (D:8)
  An adder skeleton (D:6)
  2 worms
  2 dart slugs
  6 leopard geckos
  98 orcs
  7 bats
  7 giant cockroaches
  7 goblins
  8 hobgoblins
  11 jackals
  30 kobolds
  7 quokkas
  3 ball pythons
  5 frilled lizards
  2 leopard gecko zombies (D:3)
  2 quokka skeletons
  4 rats
  A crawling corpse (Elf:3)
  A plant (Lair:6)
1875 creatures vanquished.

Vanquished Creatures (collateral kills)
  An ancient lich (Vaults:5)
  A tengu reaver (D:14)
  An ettin (Vaults:5)
  An unseen horror (D:14)
4 creatures vanquished.

Vanquished Creatures (others)
  A deep elf elementalist (Elf:3)
  An ironheart preserver (Vaults:1)
  A small abomination (Elf:3)
  A faun (Shoals:2)
  A water nymph (Shoals:1)
  A tarantella (Spider:4)
  An acid dragon (Vaults:1)
  3 orcs (Orc:2)
  A kobold (D:13)
  43 bushes (Depths:2)
  2 crawling corpses (Elf:3)
  52 fungi
  86 plants
  8 tentacles (Shoals:3)
  4 toadstools (D:1)
  A withered plant (D:3)
207 creatures vanquished.

Grand Total: 2086 creatures vanquished

Notes
Turn   | Place    | Note
-------+----------+-------------------------------------------
     0 | D:1      | KristoblXynda the Draconian Gladiator began the quest for
                  | the Orb.
     0 | D:1      | Reached XP level 1. HP: 17/17 MP: 1/1
   175 | D:1      | Reached XP level 2. HP: 23/25 MP: 2/2
   729 | D:2      | Reached XP level 3. HP: 26/30 MP: 3/3
  1153 | D:2      | Found a hide-covered altar of Uskayaw.
  1407 | D:2      | Reached XP level 4. HP: 33/38 MP: 4/4
  1706 | D:3      | Found a shimmering blue altar of Sif Muna.
  1717 | D:3      | Found a hazy altar of Hepliaklqana.
  1896 | D:3      | Reached skill level 1 in Shields
  1902 | D:3      | Reached skill level 4 in Long Blades
  1913 | D:3      | Reached XP level 5. HP: 29/45 MP: 5/5
  1924 | D:3      | Found an opulent altar of Gozag.
  1925 | D:3      | Found a white marble altar of Elyvilon.
  1927 | D:3      | Found a snail-covered altar of Cheibriados.
  2017 | D:3      | Became a worshipper of Cheibriados the Contemplative
  2095 | D:3      | Found a broken altar of Ashenzari.
  2152 | D:3      | Found a basalt altar of Yredelemnul.
  2528 | D:3      | Reached * piety under Cheibriados
  2585 | D:3      | Learned a level 3 spell: Tukima's Dance
  2636 | D:3      | Reached XP level 6. HP: 52/52 MP: 6/6
  2823 | D:4      | Found a sacrificial altar of Ru.
  3086 | D:4      | Identified the +8 hand crossbow of the Imperium {venom,
                  | *Drain rPois Dex+3}
  3224 | D:4      | Found an iron altar of Okawaru.
  3261 | D:4      | Your scales start taking on a pale cyan-grey colour.
  3261 | D:4      | Reached XP level 7. HP: 60/60 MP: 7/7
  3272 | D:4      | Reached skill level 5 in Long Blades
  3430 | D:4      | Reached ** piety under Cheibriados
  3777 | D:4      | Found a large runed translucent door.
  3778 | D:4      | Found a large runed translucent door.
  3780 | D:4      | Noticed Ijustatesigmund's ghost (novice OpFi)
  3825 | D:5      | Entered Level 5 of the Dungeon
  4085 | D:5      | Reached skill level 5 in Fighting
  4121 | D:5      | Found a staircase to the Ecumenical Temple.
  4162 | D:5      | Noticed Dowan
  4164 | D:5      | Noticed Duvessa
  4171 | D:5      | Killed Duvessa
  4172 | D:5      | Killed Dowan
  4322 | D:5      | Found Igampufu's Book Shop.
  4389 | D:5      | Noticed Pikel
  4402 | D:5      | Killed Pikel
  4403 | D:5      | Reached skill level 6 in Long Blades
  4403 | D:5      | Reached skill level 5 in Dodging
  4403 | D:5      | Reached XP level 8. HP: 63/68 MP: 8/8
  4442 | D:5      | Found Oleuppo's Jewellery Shop.
  4460 | D:5      | Reached skill level 7 in Long Blades
  4562 | D:5      | Found a bloodstained altar of Trog.
  4562 | D:5      | Found a radiant altar of Vehumet.
  5111 | D:6      | Reached skill level 5 in Shields
  5476 | D:6      | Reached *** piety under Cheibriados
  5480 | D:6      | Found a shimmering blue altar of Sif Muna.
  5637 | D:7      | Found a runed translucent gate.
  5637 | D:7      | Found a runed translucent gate.
  5637 | D:7      | Found a runed translucent gate.
  5637 | D:7      | Noticed 1994's ghost (novice DsGl)
  5638 | D:7      | Noticed Decritt's ghost (novice DEFE)
  5763 | D:7      | Reached XP level 9. HP: 74/74 MP: 9/9
  5768 | D:7      | Reached skill level 8 in Long Blades
  6325 | D:4      | Killed Ijustatesigmund's ghost
  6326 | D:4      | Reached skill level 1 in Invocations
  6551 | D:8      | Reached skill level 9 in Long Blades
  6561 | D:8      | Noticed Maurice
  6571 | D:8      | Killed Maurice
  6571 | D:8      | Reached **** piety under Cheibriados
  6591 | D:8      | Got a pair of dazzling gloves
  6615 | D:8      | Identified the +4 pair of gloves "Baarubb" {rF+ MR+ Dex+3}
                  | (You found it on level 8 of the Dungeon)
  6852 | D:8      | Noticed a five-headed hydra
  6868 | D:8      | Killed a five-headed hydra
  6869 | D:8      | Reached skill level 10 in Long Blades
  6869 | D:8      | Reached XP level 10. HP: 82/82 MP: 11/13
  6902 | D:8      | Noticed Erica
  6914 | D:8      | Killed Erica
  6915 | D:8      | Reached skill level 1 in Evocations
  7042 | D:8      | Found a sparkling altar of Nemelex Xobeh.
  7226 | D:5      | Bought an uncursed amulet of reflection for 390 gold pieces
  7293 | D:9      | Reached skill level 5 in Invocations
  7300 | D:9      | Reached ***** piety under Cheibriados
  7372 | D:9      | Found a staircase to the Lair.
  7423 | D:9      | Found a sacrificial altar of Ru.
  7922 | D:10     | Entered Level 10 of the Dungeon
  7994 | D:10     | Reached XP level 11. HP: 40/88 MP: 15/15
  8301 | D:10     | Found a staircase to the Orcish Mines.
  8318 | D:10     | Reached skill level 11 in Long Blades
  8495 | D:10     | Reached skill level 5 in Evocations
  8554 | D:10     | Noticed Fannar
  8567 | D:10     | Found Ryih Xye's Distillery.
  8575 | D:10     | Killed Fannar
  8605 | D:10     | Reached ****** piety under Cheibriados
  9005 | D:11     | Found a portal to a secret trove of treasure.
  9135 | D:11     | Killed an unseen horror
  9493 | D:11     | Killed an unseen horror
  9672 | D:12     | Noticed a four-headed hydra
  9684 | D:12     | Killed a one-headed hydra
  9715 | D:12     | Found a gate leading to a gauntlet.
  9742 | Gauntlet | Entered a Gauntlet
  9742 | Gauntlet | Found a transporter.
  9746 | Gauntlet | Found a transporter.
  9746 | Gauntlet | Noticed a wizard
  9750 | Gauntlet | Found a transporter.
  9756 | Gauntlet | Found a transporter.
  9763 | Gauntlet | Found a transporter.
  9766 | Gauntlet | Found a transporter.
  9773 | Gauntlet | Noticed a death drake
  9774 | Gauntlet | Found a transporter.
  9778 | Gauntlet | Found a transporter.
  9780 | Gauntlet | Noticed a death scarab
  9784 | Gauntlet | Found a transporter.
  9784 | Gauntlet | Noticed a death scarab
  9794 | Gauntlet | Found a transporter.
  9795 | Gauntlet | Found a transporter.
  9799 | Gauntlet | Found a transporter.
  9803 | Gauntlet | Found a transporter.
  9850 | Gauntlet | Found a transporter.
  9891 | Gauntlet | Killed a wizard
  9892 | Gauntlet | Reached XP level 12. HP: 94/94 MP: 18/18
  9918 | Gauntlet | Identified the +6 flail of the Forgotten Thickets
                  | {antimagic, Int+4}
  9918 | Gauntlet | Identified the cursed -9 kite shield of Gozag's Favour
                  | {rC+}
  9918 | Gauntlet | Noticed a minotaur
  9932 | Gauntlet | Killed a minotaur
 10023 | Gauntlet | Identified the Volume of the Traveller
 10084 | D:12     | Reached skill level 12 in Long Blades
 10177 | D:12     | Found Qihum's Armour Shop.
 10199 | D:12     | Reached skill level 10 in Dodging
 10471 | D:13     | Found a frozen archway.
 10481 | IceCv    | Entered an ice cave
 10503 | IceCv    | Found a transporter.
 10585 | IceCv    | Found a transporter.
 11107 | D:13     | Reached skill level 10 in Invocations
 11470 | D:13     | Reached skill level 1 in Stealth
 11893 | D:13     | Reached XP level 13. HP: 101/101 MP: 20/20
 12136 | D:13     | Reached skill level 13 in Long Blades
 12361 | D:13     | Noticed an ettin
 12368 | D:13     | Killed an ettin
 12370 | D:13     | Reached skill level 10 in Evocations
 12566 | D:13     | Found the +18 shield of the Gong {rElec rN+ MR+ EV-5}
 12683 | D:14     | Reached skill level 1 in Hexes
 12894 | D:14     | Noticed a tengu reaver
 13017 | D:14     | Killed a tengu reaver
 13018 | D:14     | Reached skill level 5 in Stealth
 13191 | D:14     | Noticed a fire dragon
 13201 | D:14     | Killed a fire dragon
 13785 | D:14     | Reached XP level 14. HP: 108/108 MP: 21/21
 13991 | D:14     | Identified a scroll of acquirement
 13991 | D:14     | Acquired a manual of Fighting
 14269 | D:14     | Found a gate to the Vaults.
 14479 | D:15     | Entered Level 15 of the Dungeon
 14479 | D:15     | Noticed Jorgrun
 14578 | Lair:1   | Entered Level 1 of the Lair of Beasts
 14754 | Lair:1   | Reached skill level 14 in Long Blades
 15417 | Lair:2   | Reached skill level 5 in Hexes
 15474 | Lair:2   | Found a hole to the Spider Nest.
 15700 | Lair:2   | Learned a level 6 spell: Statue Form
 15784 | Lair:2   | Reached skill level 1 in Transmutations
 16327 | Lair:2   | Found a staircase to the Shoals.
 18020 | Lair:4   | Reached skill level 10 in Fighting
 18283 | Lair:4   | Reached XP level 15. HP: 128/128 MP: 22/22
 19338 | Lair:5   | Found a viscous altar of Jiyva.
 19339 | Lair:5   | Found a staircase to the Slime Pits.
 19960 | Lair:6   | Entered Level 6 of the Lair of Beasts
 20116 | Lair:6   | Reached skill level 5 in Transmutations
 22323 | D:7      | Killed Decritt's ghost
 22335 | D:7      | Killed 1994's ghost
 22420 | D:10     | Bought a potion of curing for 33 gold pieces
 22420 | D:10     | Bought a potion of curing for 33 gold pieces
 22420 | D:10     | Bought a potion of heal wounds for 55 gold pieces
 22420 | D:10     | Bought a potion of heal wounds for 55 gold pieces
 22548 | D:15     | Killed Jorgrun
 23247 | D:15     | Found a staircase to the Depths.
 23722 | Orc:1    | Entered Level 1 of the Orcish Mines
 23808 | Orc:2    | Entered Level 2 of the Orcish Mines
 23920 | Orc:1    | Reached XP level 16. HP: 144/144 MP: 23/23
 24185 | Orc:2    | Reached skill level 1 in Spellcasting
 24554 | Orc:2    | Found a roughly hewn altar of Beogh.
 24647 | Orc:2    | Found Palupun's Jewellery Emporium.
 24739 | Orc:2    | Found Hepsuzuf's Antique Armour Shoppe.
 25240 | Orc:2    | Found a staircase to the Elven Halls.
 25762 | Orc:2    | Found Myacuqile's Weapon Boutique.
 25942 | Orc:2    | Found a roughly hewn altar of Beogh.
 25974 | Orc:2    | Found Bedov's Distillery.
 26001 | Orc:2    | Bought a potion of heal wounds for 70 gold pieces
 26001 | Orc:2    | Bought a potion of lignification for 42 gold pieces
 26949 | Shoals:1 | Entered Level 1 of the Shoals
 27946 | Shoals:1 | Reached skill level 15 in Fighting
 28477 | Shoals:2 | Reached skill level 5 in Spellcasting
 29314 | Shoals:3 | Reached XP level 17. HP: 139/157 MP: 24/24
 30161 | Shoals:3 | Noticed a kraken
 30636 | Shoals:4 | Entered Level 4 of the Shoals
 30643 | Shoals:4 | Reached skill level 15 in Long Blades
 30852 | Shoals:4 | Noticed Polyphemus
 31104 | Shoals:4 | Killed Polyphemus
 31112 | Shoals:4 | Reached skill level 10 in Shields
 32504 | Shoals:4 | Noticed Mara
 32508 | Shoals:4 | Noticed KristoblXynda's illusion
 32888 | Shoals:4 | Reached skill level 15 in Dodging
 32972 | Shoals:4 | Noticed KristoblXynda's illusion
 32973 | Shoals:4 | Killed Mara
 32974 | Shoals:4 | Reached skill level 1 in Earth Magic
 33086 | Shoals:4 | Identified the +7 dagger "Kutas" {freeze, rC+ Str+3}
 33086 | Shoals:4 | Identified the ring "Losm" {*Slow rElec MP+9 Dex+5 Stlth+}
 33124 | Shoals:4 | Noticed Donald
 33134 | Shoals:4 | Killed Donald
 33542 | Shoals:4 | Got a barnacled rune of Zot
 33852 | Shoals:1 | Reached XP level 18. HP: 166/166 MP: 25/25
 33979 | D:5      | Bought the ring "Soic" {rPois Int+3} for 432 gold pieces
 34164 | Spider:1 | Entered Level 1 of the Spider Nest
 34668 | Spider:1 | Learned a level 4 spell: Petrify
 35717 | Spider:2 | Reached skill level 10 in Transmutations
 36282 | Spider:3 | Noticed Arachne
 36290 | Spider:2 | Reached skill level 16 in Long Blades
 36684 | Spider:2 | Reached skill level 5 in Earth Magic
 37247 | Spider:3 | Killed Arachne
 37655 | Spider:4 | Entered Level 4 of the Spider Nest
 38073 | Spider:4 | Learned a level 5 spell: Fireball
 38640 | Spider:3 | Reached skill level 1 in Conjurations
 39400 | Spider:4 | Reached XP level 19. HP: 152/172 MP: 26/26
 39677 | Spider:4 | Got a gossamer rune of Zot
 39754 | Spider:4 | Found a transporter.
 39760 | Spider:4 | Noticed Seufodu's ghost (adept OpEE)
 39772 | Spider:4 | Found a transporter.
 39976 | Spider:4 | Killed Seufodu's ghost
 40328 | Depths:1 | Entered Level 1 of the Depths
 40562 | Depths:1 | Noticed a golden dragon
 41042 | Depths:1 | Killed a golden dragon
 41109 | Depths:1 | Acquired the ring "Xaulun" {Wiz MR++ Str+9 Int+2 Stlth-}
 41116 | Depths:1 | Acquired the +8 double sword of Nuvoevey {vorpal, rElec
                  | Int+2}
 42177 | Depths:1 | Reached skill level 5 in Conjurations
 43021 | Depths:1 | Found a gateway to Hell.
 43181 | Depths:2 | Found a gateway to a ziggurat.
 43250 | Depths:2 | Paralysed by a floating eye for 2 turns
 43252 | Depths:2 | Paralysed by a floating eye for 3 turns
 43257 | Depths:2 | Paralysed by a floating eye for 2 turns
 43516 | Depths:2 | Identified the +0 robe of Stoicism {Rampage *Slow Int+4}
 43518 | Depths:2 | Noticed a caustic shrike
 44080 | Vaults:1 | Entered Level 1 of the Vaults
 44097 | Vaults:1 | Reached XP level 20. HP: 148/180 MP: 29/29
 44754 | Vaults:1 | Reached skill level 10 in Earth Magic
 45206 | Vaults:1 | Found a gateway to a bazaar.
 45236 | Bazaar   | Entered a bazaar
 45245 | Bazaar   | Found Zisiffint's Gadget Shop.
 45271 | Bazaar   | Found Xaurropu's Book Shop.
 45328 | Bazaar   | Bought a Necronomicon for 883 gold pieces
 47496 | Vaults:2 | Found a staircase to the Crypt.
 47496 | Vaults:2 | Found a basalt altar of Yredelemnul.
 47497 | Vaults:2 | Found an ancient bone altar of Kikubaaqudgha.
 48435 | Vaults:3 | Reached XP level 21. HP: 188/188 MP: 33/33
 48880 | Vaults:3 | Reached skill level 17 in Long Blades
 49304 | Vaults:3 | Reached skill level 15 in Shields
 49679 | Vaults:3 | Learned a level 8 spell: Necromutation
 51946 | Vaults:4 | Found Nyn Gikh's Antique Armour Emporium.
 51972 | Vaults:4 | Found Venucoy's Antique Armour Emporium.
 51982 | Vaults:4 | Bought a glowing scarf for 288 gold pieces
 51992 | Vaults:4 | Found Nadesyll's Antique Armour Emporium.
 52163 | Vaults:4 | Reached skill level 10 in Spellcasting
 52565 | D:11     | You paid a toll of 7 scrolls of blinking to enter a
                  | treasure trove
 52566 | Trove    | Entered a treasure trove
 52572 | Trove    | Got a scintillating ruby amulet
 52574 | Trove    | Got a bound garnet amulet
 52576 | Trove    | Got a fine silver ring
 52579 | Trove    | Got a vibrating turquoise ring
 52604 | Trove    | Got a faintly glowing steel ring
 52606 | Trove    | Got a faintly glowing bone ring
 52608 | Trove    | Identified the amulet of Iwkatuniru {Spirit MR+ SInv} (You
                  | found it in a treasure trove)
 52609 | Trove    | Identified the amulet "Tithriel" {RegenMP *Drain rN++ Int+2
                  | SInv} (You found it in a treasure trove)
 52681 | Lair:1   | Identified the ring of Autumn {rC+++ SInv} (You found it in
                  | a treasure trove)
 52683 | Lair:1   | Identified the ring of the Sun {Wiz Int+7 Dex+3} (You found
                  | it in a treasure trove)
 52685 | Lair:1   | Identified the ring of the Failed Coup {rF+ rC+ MR+ Slay-3
                  | Stlth+} (You found it in a treasure trove)
 52687 | Lair:1   | Identified the ring "Imohem" {rF++ MP+9 Str+2 Stlth-} (You
                  | found it in a treasure trove)
 52876 | Elf:1    | Entered Level 1 of the Elven Halls
 53456 | Elf:1    | Reached skill level 1 in Necromancy
 53476 | Elf:1    | Identified the Papyrus of Necromancy
 53773 | Elf:2    | Found a runed translucent gate.
 53794 | Elf:2    | Reached XP level 22. HP: 195/195 MP: 30/36
 54221 | Elf:2    | Found a runed translucent gate.
 54222 | Elf:2    | Found a runed translucent gate.
 54313 | Elf:2    | Noticed Roxanne
 54334 | Elf:2    | Killed Roxanne
 54542 | Elf:2    | Reached skill level 15 in Transmutations
 54932 | Elf:3    | Entered Level 3 of the Elven Halls
 55608 | Elf:3    | Noticed Louise
 55631 | Elf:3    | Killed Louise
 55874 | Elf:3    | Reached skill level 18 in Long Blades
 55882 | Elf:3    | Reached skill level 5 in Necromancy
 56409 | Elf:3    | Got an ancient dagger
 56448 | Elf:3    | Got a smoking war axe
 56452 | Elf:3    | Identified the Tome of the Ghastly Oath
 56460 | Elf:3    | Identified the +9 dagger of Subterfuge {freeze, *Drain +Fly
                  | Int+6} (You found it on level 3 of the Elven Halls)
 56461 | Elf:3    | Identified the cursed +2 war axe "Onacol" {vamp, rElec
                  | rPois Str+2 Int+2} (You found it on level 3 of the Elven
                  | Halls)
 56957 | Vaults:5 | Entered Level 5 of the Vaults
 56976 | Vaults:5 | Reached XP level 23. HP: 47/202 MP: 38/38
 57025 | Vaults:5 | HP: 13/262 [titan (31)]
 57025 | Vaults:5 | HP: 2/262 [titan/bolt of lightning (5)]
 57029 | Vaults:5 | Noticed an ancient lich
 57033 | Vaults:5 | Killed an ancient lich
 57094 | Vaults:5 | Slain by an ettin

Illustrated notes

Levels and vault maps discovered:
D:1:      ldierk_walled_garden_2, layout_loops_ring
D:2:      layout_basic, eat_drink_and_be_merry_uskayaw, kennysheep_potato
D:3:      layout_loops_corners, chequers_temple_overflow_statue_of_worship,
          overflow_temple_1_default, minitemple, general_overflow_altar,
          serial_undead, serial_undead_a, serial_undead_b, serial_undead_d,
          serial_undead_b, serial_undead_e, serial_undead_a
D:4:      layout_gridville, okawaru_gym_becter, lemuel_crystal_altar,
          ebering_ghost_disaster_area, st_stairs_13,
          chequers_serial_rivers_micro_c, minmay_misc_feat_iff
D:5:      layout_basic, gammafunk_temple_overflow_wave, temple_pool_b,
          serial_shops, shop, kennysheep_mini, uniq_pikel, uniq_duvessa
D:6:      layout_basic, basic_altar, minmay_statues_item
D:7:      layout_rooms, gammafunk_ghost_cemetery, minmay_misc_feat_nine_boxes
D:8:      layout_rooms, basic_altar, minmay_puff, uniq_maurice, uniq_erica
D:9:      layout_basic, minmay_lair_entry_grove, hangedman_ru_absence
D:10:     layout_roguey, david_orc_1_choice, serial_shops, shop, serial_rivers,
          chequers_serial_rivers_room_a, chequers_serial_rivers_room_a,
          chequers_serial_rivers_small_3, chequers_serial_rivers_micro_b,
          chequers_serial_rivers_small_a, nicolae_underground_beach, uniq_fannar
D:11:     layout_cave_pools, enter_trove_6
D:12:     layout_cross, serial_shops, shop_fountains, gauntlet_entry_generic,
          grunt_ministairs_10
D:13:     evilmike_diamond_2, layout_basic, portal_ice_cave_entry_pillars_2
D:14:     minmay_octo_star, layout_layer_cave, david_vaults_4,
          minmay_misc_feat_tower
D:15:     grunt_enter_depths_snipers, layout_layer_cave, uniq_jorgrun
Lair:1:   layout_loops_ring, lemuel_fruit_tree
Lair:2:   layout_layer_cave, elwin_shoals_entry_stream, spider_nest_entry_webs
Lair:3:   layout_small_grid, special_room [special_room_bee],
          serial_bayou_pond_e
Lair:4:   layout_roguey, lemuel_fruit_fields
Lair:5:   layout_gridlike, slime_altar_1, minmay_lair_oklob_chamber
Lair:6:   evilmike_catoblepas_cave, layout_loops_ring,
          hangedman_lair_unloving_vines, chequers_serial_rivers_small_a
Shoals:1: layout_shoals
Shoals:2: layout_shoals, nicolae_shoals_dead_sea_scrolls
Shoals:3: layout_shoals, nicolae_shoals_wave_tunnel
Shoals:4: shoals_end_hangedman, layout_shoals, uniq_polyphemus, uniq_donald,
          uniq_mara
Spider:1: layout_chambers, drop_trap
Spider:2: layout_spider_delve, minmay_another_anthill,
          nicolae_spider_cling_ruins
Spider:3: layout_spider_delve, uniq_arachne
Spider:4: grunt_spider_rune_circles, gammafunk_ghost_arena
Orc:1:    layout_diamond_mine
Orc:2:    pubby_orc_utopia
Elf:1:    kennysheep_six_static_rooms, layout_loops_cross, minmay_elf_necromancy
Elf:2:    layout_loops_cross, uniq_roxanne
Elf:3:    minmay_elf_hall, layout_loops_corners, uniq_louise
Vaults:1: v_rooms_4, vaults_dpeg_cross, v_misc_3, v_rooms_4,
          ontoclasm_vaults_loading_screen,
          nicolae_vaults_windows_and_doors_thing, v_misc_33,
          vaults_room_glass_cross, grunt_vaults_hallway_short,
          vaults_mumra_minichess, ontoclasm_vaults_fault, vaults_dpeg_diagonal,
          layout_vaults_omnicross, serial_shops, bzr_entry_islet
Vaults:2: nicolae_vaults_border_crossing, minmay_crypt_entry_necro_gods,
          v_misc_16, vaults_room_grid, nicolae_vaults_little_squares_3,
          v_pattern_3, nicolae_vaults_little_squares_1, ontoclasm_vaults_chip,
          layout_vaults_omnigrid
Vaults:3: nicolae_vaults_big_angled_halls, v_rooms_5, v_misc_14,
          nicolae_vaults_alarming, nicolae_vaults_little_squares_1,
          vaults_standard_mumra_enter_the_diamond, v_misc_10, v_misc_31,
          ontoclasm_vaults_ring_square, ontoclasm_vaults_ligature,
          layout_vaults_chaotic_city
Vaults:4: grunt_vaults_bifocal, hangedman_vaults_impose, v_alt_pattern_4,
          nicolae_vaults_little_ls, nicolae_vaults_rhombus_5,
          vaults_room_semicircle, nicolae_vaults_theta,
          hangedman_vaults_hard_town_square, nicolae_vaults_little_squares_3,
          hangedman_vaults_trim, nicolae_vaults_little_squares_6,
          vaults_dpeg_hooks, serial_ice_m, nicolae_vaults_shelves_hall,
          layout_vaults_ring
Vaults:5: serial_shops
Depths:1: layout_honeycomb, grunt_hell_horde, minmay_tree_intersection,
          chequers_decorated_corner, minmay_swirly_circle
Depths:2: minmay_the_grid_square_5x5_4x4_mashed
          [minmay_the_grid_square_5x5_moneybag, minmay_the_grid_square_5x5_n,
          minmay_the_grid_square_5x5_two_walls_b,
          minmay_the_grid_square_5x5_meh, minmay_the_grid_square_5x5_six,
          minmay_the_grid_square_5x5_prize_rear_guard,
          minmay_the_grid_square_5x5_prize_open,
          minmay_the_grid_square_5x5_trominoes, minmay_the_grid_square_5x5_bite,
          minmay_the_grid_square_5x5_prize_itemx,
          minmay_the_grid_square_5x5_prize_monsterx,
          minmay_the_grid_square_5x5_minivault,
          minmay_the_grid_square_5x5_forky, minmay_the_grid_square_5x5_c,
          minmay_the_grid_square_5x5_spiral_small,
          minmay_the_grid_square_5x5_mess], layout_gridlike, enter_ziggurat_d,
          minmay_room_of_horrors, pf_vacation_house_of_asmodeus,
          minmay_hedge_maze

Skill      XL: |  1  2  3  4  5  6  7  8  9 10 11 12 13 14 15 16 17 18 19 20 21 22 23 |
---------------+----------------------------------------------------------------------+-----
Throwing       | 2 |  2.0
Dodging        | 3 4 5 6 7 8 9 10 11 12 13 14 15 16 17 | 17.0
Fighting       | 3 4 5 10 13 15 16 | 16.0
Shields        | 1 2 4 5 6 8 9 11 12 13 14 15 | 15.0
Long Blades    | 4 6 7 10 11 12 13 14 15 16 17 18 | 18.4
Invocations    | 4 6 8 10 | 10.2
Evocations     | 4 7 9 10 | 10.0
Stealth        | 1 5 |  5.6
Hexes          | 3 5 |  5.4
Transmutations | 3 7 9 11 12 13 14 15 | 15.8
Spellcasting   | 5 6 8 10 11 | 11.6
Earth Magic    | 2 6 9 10 | 10.0
Conjurations   | 2 5 7 |  7.0
Necromancy     | 1 6 |  6.7

Action                   |  1- 3 |  4- 6 |  7- 9 | 10-12 | 13-15 | 16-18 | 19-21 | 22-24 || total
-------------------------+-------+-------+-------+-------+-------+-------+-------+-------++-------
Melee: Long sword        |    68 |   156 |    80 |       |       |       |       |       ||   304
       Tailslap          |    10 |    32 |    66 |   122 |   345 |   447 |   392 |    64 ||  1478
       Scimitar          |       |       |   154 |   457 |  1040 |  1497 |   137 |       ||  3285
       Double sword      |       |       |       |       |       |       |  1173 |   314 ||  1487
 Cast: Tukima's Dance    |       |       |       |       |       |     4 |       |       ||     4
       Petrify           |       |       |       |       |       |    25 |     3 |       ||    28
       Statue Form       |       |       |       |       |       |       |    18 |    12 ||    30
Invok: Bend Time         |       |       |       |     1 |       |       |       |       ||     1
 Abil: Breathe Steam     |       |       |     9 |    21 |    24 |    18 |     3 |       ||    75
       Evoke Invisibilit |       |       |       |     1 |     2 |    11 |     2 |       ||    16
Evoke: Wand              |       |       |     3 |     5 |     8 |     8 |     2 |     1 ||    27
       Phantom mirror    |       |       |       |       |     2 |     1 |       |       ||     3
       Tin of tremorston |       |       |       |       |     1 |     2 |       |     1 ||     4
       Condenser vane    |       |       |       |       |       |       |       |     1 ||     1
  Use: Scroll            |       |       |    14 |    12 |    12 |    15 |    16 |     8 ||    77
       Potion            |       |       |       |     1 |     2 |     5 |     2 |     5 ||    15
 Stab: Sleeping          |     2 |       |       |     7 |    23 |    24 |    23 |     3 ||    82
       Distracted        |       |       |     1 |       |     5 |     5 |     8 |       ||    19
       Invisible         |       |       |       |     2 |    10 |    68 |     4 |       ||    84
       Petrifying        |       |       |       |       |     1 |     8 |       |       ||     9
       Held in net/web   |       |       |       |       |       |     2 |       |       ||     2
       Petrified         |       |       |       |       |       |    44 |     9 |       ||    53
Armor: Skin              |    18 |    39 |    37 |    73 |   116 |   240 |   184 |   106 ||   813
Dodge: Dodged            |    56 |    88 |   145 |   447 |   779 |  1736 |   923 |   311 ||  4485
Block: Buckler           |     1 |    26 |    58 |   325 |   600 |   768 |       |       ||  1778
       Reflection        |       |       |       |    22 |    14 |    81 |   114 |       ||   231
       Kite shield       |       |       |       |       |       |   881 |  1441 |   334 ||  2656
       Rpst.: Long sword |    19 |    27 |    13 |       |       |       |       |       ||    59
       Scimitar          |       |       |    20 |   110 |   179 |   310 |    13 |       ||   632
       Double sword      |       |       |       |       |       |       |   158 |    53 ||   211

Table legend: (Time is in decaauts)
 A = Elapsed time spent in this place.
 B = Non-inter-level travel time spent in this place.
 C = Inter-level travel time spent in this place.
 D = Time resting spent in this place.
 E = Time spent auto-exploring this place.
 F = Levels seen in this place.
 G = Mean time per level.
                   A        B        C        D        E       F      G
               +--------+--------+--------+--------+--------+-----+--------+
         Total |  83474 |  75500 |   7974 |  17397 |  38520 |  45 | 1855.0 |
       Dungeon |  23655 |  19406 |   4249 |   3659 |  10357 |  15 | 1577.0 |
          Lair |  12516 |  11538 |    978 |   1646 |   7974 |   6 | 2086.0 |
        Shoals |   9236 |   8854 |    382 |   3676 |   2722 |   4 | 2309.0 |
   Spider Nest |   8165 |   7784 |    381 |   2565 |   3394 |   4 | 2041.2 |
  Orcish Mines |   4865 |   4347 |    518 |   1088 |   1965 |   2 | 2432.5 |
   Elven Halls |   6068 |   5687 |    381 |    725 |   2995 |   3 | 2022.7 |
        Vaults |  12874 |  12181 |    693 |   2485 |   7049 |   5 | 2574.8 |
        Depths |   4794 |   4406 |    388 |   1132 |   2061 |   2 | 2397.0 |
        Bazaar |    251 |    251 |      0 |      0 |      0 |   1 |  251.0 |
         Trove |     76 |     76 |      0 |      0 |      0 |   1 |   76.0 |
      Ice Cave |    464 |    464 |      0 |    332 |      0 |   1 |  464.0 |
      Gauntlet |    505 |    505 |      0 |     88 |      0 |   1 |  505.0 |
               +--------+--------+--------+--------+--------+-----+--------+

Top non-repeatable levels by time:
   Orc:2: 4076 daAuts
Depths:1: 3854 daAuts
Shoals:4: 3496 daAuts
Vaults:3: 3396 daAuts
Vaults:4: 3286 daAuts
Vaults:2: 3156 daAuts
    D:14: 2909 daAuts
  Lair:6: 2865 daAuts
Vaults:1: 2837 daAuts
    D:13: 2718 daAuts
   Elf:3: 2517 daAuts
Shoals:3: 2499 daAuts
  Lair:2: 2350 daAuts
    D:10: 2340 daAuts
Spider:1: 2339 daAuts
